 Dungeon Crawl Stone Soup version 0.29.1-15-g9cfb28693d (webtiles) character file.

Game seed: 1524161001930040130

7924 Ihaveafatcat the Cleaver (level 11, -2/99 HPs)
             Began as a Minotaur Fighter on Mar 31, 2023.
             Was an Initiate of Gozag.
             Killed from afar by an acid dragon (20 damage)
             ... with a splash of acid
             ... on level 11 of the Dungeon.
             The game lasted 00:31:34 (15102 turns).

Ihaveafatcat the Cleaver (Minotaur Fighter)        Turns: 15102, Time: 00:32:04

Health: -2/99      AC:  9    Str: 35    XL:     11   Next: 3%
Magic:  0/12       EV: 10    Int:  4    God:    Gozag
Gold:   440        SH:  7    Dex: 15    Spells: 10/10 levels left

rFire   . . .      SeeInvis .   a - +1 war axe
rCold   . . .      Faith    .   c - +0 buckler
rNeg    . . .      Spirit   +   N - +3 scale mail
rPois   .          Reflect  .   (helmet restricted)
rElec   .          Harm     .   (no cloak)
rCorr   .          Rampage  .   o - +0 pair of gloves
Will    .....                   (no boots)
Stlth   ..........              q - amulet of guardian spirit
HPRegen 0.26/turn               A - +6 ring of strength
MPRegen 0.13/turn               C - +6 ring of strength

@: corroded, slowed, very slow
A: horns 2, retaliatory headbutt, agile 1, MP-powered wands
a: Renounce Religion, Potion Petition, Call Merchant, Bribe Branch


You were on level 11 of the Dungeon.
You worshipped Gozag.
Gozag was aware of your devotion.
You visited 2 branches of the dungeon, and saw 12 of its levels.

You collected 697 gold pieces.
You spent 138 gold pieces at shops.
You paid 119 gold pieces to Gozag.

Inventory:

Hand Weapons
 a - a +1 war axe (weapon)
 s - a +1 whip of electrocution
Missiles
 x - a throwing net (quivered)
Armour
 c - a +0 buckler (worn)
 o - a +0 pair of gloves (worn)
 r - an orb of guile
 N - a +3 scale mail (worn)
Jewellery
 f - an amulet of reflection
 g - a ring of willpower
 h - an amulet of the acrobat
 q - an amulet of guardian spirit (around neck)
 u - the ring of Xom's Entertainment {Fly EV+4}
   (You found it on level 2 of the Dungeon)

   [ring of evasion]

   EV:        It affects your evasion (+4).
   Fly:       It grants you flight.
 w - a ring of see invisible
 y - a +6 ring of intelligence
 A - a +6 ring of strength (left hand)
 C - a +6 ring of strength (right hand)
 D - the amulet of Rakuil {rC- rN+ Regen+ Int+2}
   (You found it on level 7 of the Dungeon)

   [amulet of regeneration]

   Int:       It affects your intelligence (+2).
   rC:        It makes you vulnerable to cold.
   rN:        It protects you from negative energy.
   Regen:     It increases your rate of health regeneration.
 K - a ring of resist corrosion
Wands
 e - a wand of flame (13)
 E - a wand of mindburst (7)
 G - a wand of polymorph (11)
Scrolls
 i - 4 scrolls of teleportation
 j - 2 scrolls of amnesia
 k - 2 scrolls of magic mapping
 v - 2 scrolls of identify
 H - a scroll of fog
 J - 2 scrolls of poison
Potions
 d - 2 potions of might
 l - 2 potions of lignification
 m - 2 potions of invisibility
 n - 3 potions of magic
 p - 7 potions of curing
 t - 3 potions of brilliance
 z - 4 potions of attraction
 B - a potion of resistance
 F - a potion of heal wounds
 I - 2 potions of haste
 L - 2 potions of flight
 M - a potion of cancellation


   Skills:
 + Level 10.1 Fighting
 * Level 11.0 Axes
 + Level 10.0 Armour
 + Level 10.1 Shields
 + Level 3.4 Invocations
 + Level 3.0 Evocations


You had 10 spell levels left.
You didn't know any spells.
Your spell library contained the following spells:

 Spells                   Type           Power      Damage    Failure   Level
 Apportation              Tloc           0%         N/A       75%         1
 Magic Dart               Conj           0%         1d3       75%         1
 Call Imp                 Summ           0%         N/A       87%         2
 Gell's Gravitas          Tloc           0%         N/A       98%         3
 Lesser Beckoning         Tloc           0%         N/A       98%         3
 Mephitic Cloud           Conj/Pois/Air  0%         N/A       98%         3
 Teleport Other           Tloc           0%         N/A       98%         3
 Alistair's Intoxication  Tmut/Pois      0%         N/A       100%        5


Dungeon Overview and Level Annotations

Branches:
Dungeon (11/15)            Temple (1/1) D:7
   Lair: D:8-11         Orc: D:9-12

Altars:
Ashenzari
Cheibriados
Dithmenos
Elyvilon
Fedhas
Gozag
Hepliaklqana
Kikubaaqudgha
Makhleb
Nemelex Xobeh
Okawaru
Qazlal
Ru
Sif Muna
Trog
Uskayaw
Vehumet
Wu Jian
Xom
Yredelemnul
Zin
The Shining One

Shops:
D:10 ?

Annotations:
D:7 1 runed translucent door, Crazy Yiuf
D:11 Josephine


Innate Abilities, Weirdness & Mutations

You have a pair of horns on your head.
You reflexively headbutt those who attack you in melee.
You are agile. (Dex +4, Str/Int -1)
You expend magic power (3 MP) to strengthen your wands.


Message History

You completely miss the acid dragon. You block the acid dragon's attack.
The acid dragon claws you but does no damage.
The wraith barely misses you.
You slash the wraith!
The wraith is heavily damaged.
You closely miss the acid dragon. The acid dragon bites you!
You block the acid dragon's attack. The wraith hits you!
Josephine the Decaying Necromancer comes into view.
She is wielding a +0 dagger.
The acid dragon closely misses you. You furiously retaliate!
You headbutt the acid dragon.
The acid dragon claws you but does no damage.
The wraith hits you. The wraith drains your vigour!
You feel as though you will be slow longer.
As you read the scroll of teleportation, it crumbles to dust.
You feel strangely unstable. You block the acid dragon's attack.
The acid dragon claws you. The wraith hits you.
A wraith comes into view.
Your surroundings suddenly seem different.
You start resting.
You are no longer corroded.
You start resting.
A kobold comes into view. It is wielding a +0 whip.
A kobold is nearby!
The kobold shouts!
You hear a shout!
A kobold comes into view.
It is wielding a +0 short sword and quivering poisoned darts.
A kobold comes into view. It is wielding a +0 dagger.
The kobold throws a stone.
You block the stone.
The kobold shouts!
You hear a shout!
The kobold throws a stone.
The stone hits you but does no damage.
A kobold comes into view. It is wielding a +0 club.
A kobold demonologist comes into view. It is wielding a +0 dagger.
The kobold demonologist shouts!
You hear a shout! x2
The acid dragon spits acid at you. The splash of acid hits you!!
* * * LOW HITPOINT WARNING * * *
The acid corrodes you! The acid dragon spits acid at you.
The splash of acid hits you!!
You die...
Your body crumbles into a pile of gold.

### #.. #.##### #.#...#
#.#<#.# .########.###.#
.............@#+#####
.......[K...........##
.....................#
........KK........D..#
......KK..##########.#
..........### #.# #
............########.###.#
......................>WD#
..#########...########D#W...#


You could see a kobold demonologist, an acid dragon (catching breath) and 4
kobolds.

Vanquished Creatures
  A two-headed ogre (D:10)
  Amaemon (D:8)
  Pikel (D:5)
  An orange demon (D:8)
  A wraith (D:11)
  10 yaks
  3 wyverns
  A vampire (D:8)
  A steam dragon (D:8)
  An ice beast (D:6)
  A black bear (D:5)
  2 orc warriors
  A sky beast (D:6)
  2 ogres
  2 centaurs
  3 phantoms
  2 kobold brigands
  2 necrophages
  5 bullfrogs
  A scorpion (D:5)
  15 wights
  A jelly (D:6)
  3 killer bees (D:8)
  4 howler monkeys
  4 hounds
  10 orc priests
  2 gnoll boudas
  An iguana (D:5)
  8 orc wizards
  8 adders
  10 gnolls
  2 white imps (D:6)
  2 worms
  2 dart slugs (D:4)
  46 orcs
  10 ball pythons
  10 bats
  4 endoplasms
  2 giant cockroaches
  4 goblins
  12 hobgoblins
  4 jackals (D:3)
  2 quokkas
  2 frilled lizards (D:3)
  18 kobolds
  2 rats
230 creatures vanquished.

Notes
Turn   | Place    | Note
-------+----------+-------------------------------------------
     0 | D:1      | Ihaveafatcat the Minotaur Fighter began the quest for the
                  | Orb.
     0 | D:1      | Reached XP level 1. HP: 19/19 MP: 0/0
   179 | D:1      | Reached XP level 2. HP: 27/27 MP: 1/1
   724 | D:2      | Reached skill level 3 in Axes
   889 | D:2      | Reached XP level 3. HP: 25/33 MP: 2/2
  1148 | D:2      | Found a faded altar of an unknown god.
  1166 | D:2      | Identified the ring of Xom's Entertainment {Fly EV+4}
  1573 | D:3      | Found a shadowy altar of Dithmenos.
  1575 | D:3      | Noticed a phantom
  1576 | D:3      | Reached XP level 4. HP: 36/41 MP: 3/3
  1586 | D:3      | Killed a phantom
  1587 | D:3      | Reached XP level 5. HP: 33/47 MP: 4/4
  2257 | D:3      | Reached skill level 4 in Axes
  2461 | D:3      | Found a broken altar of Ashenzari.
  2702 | D:4      | Reached skill level 5 in Fighting
  2702 | D:4      | Reached skill level 5 in Armour
  2702 | D:4      | Reached skill level 5 in Shields
  2901 | D:4      | Reached XP level 6. HP: 37/56 MP: 3/5
  3789 | D:5      | Entered Level 5 of the Dungeon
  3941 | D:5      | Reached skill level 5 in Axes
  3941 | D:5      | Reached XP level 7. HP: 54/62 MP: 4/6
  4512 | D:5      | Reached skill level 6 in Axes
  4512 | D:5      | Reached XP level 8. HP: 49/71 MP: 4/7
  4639 | D:5      | Gained mutation: You expend magic power (3 MP) to
                  | strengthen your wands. [potion of mutation]
  4639 | D:5      | Gained mutation: You are agile. (Dex +4, Str/Int -1)
                  | [potion of mutation]
  4659 | D:6      | Noticed Pikel
  4678 | D:5      | Killed Pikel
  4787 | D:6      | Reached skill level 7 in Axes
  5269 | D:6      | Reached XP level 9. HP: 81/81 MP: 8/8
  5827 | D:6      | Found an iron altar of Okawaru.
  7010 | D:8      | Reached skill level 8 in Axes
  7577 | D:7      | Found a staircase to the Ecumenical Temple.
  7865 | D:7      | Reached skill level 9 in Axes
  7940 | D:7      | Identified the amulet of Rakuil {rC- rN+ Regen+ Int+2}
  8117 | D:7      | Found a runed translucent door.
  8118 | D:7      | Noticed Crazy Yiuf
  8291 | Temple   | Entered the Ecumenical Temple
  8991 | Temple   | Became a worshipper of the Shining One
  9166 | D:8      | Noticed Amaemon
  9167 | D:8      | Noticed an orange demon
  9786 | D:8      | Reached skill level 1 in Evocations
  9786 | D:8      | Reached XP level 10. HP: 71/88 MP: 7/9
 10029 | D:8      | Reached skill level 1 in Invocations
 10266 | D:8      | Found a hazy altar of Hepliaklqana.
 11087 | D:8      | Killed Amaemon
 11094 | D:8      | Killed an orange demon
 11095 | D:8      | Reached skill level 10 in Axes
 11855 | D:9      | Found an opulent altar of Gozag.
 11955 | D:9      | Fell from the grace of the Shining One
 11955 | D:9      | Became a worshipper of Gozag Ym Sagoz the Greedy
 13137 | D:9      | Found a hide-covered altar of Uskayaw.
 13425 | D:10     | Entered Level 10 of the Dungeon
 13466 | D:10     | Found Menit's Magic Scroll Emporium.
 13474 | D:10     | Bought a scroll of poison for 48 gold pieces
 13474 | D:10     | Bought a scroll of magic mapping for 90 gold pieces
 13477 | D:10     | Noticed a two-headed ogre
 13482 | D:10     | HP: 1/93 [two-headed ogre/+0 giant club (14)]
 13484 | D:10     | Killed a two-headed ogre
 13485 | D:10     | Reached skill level 10 in Fighting
 13485 | D:10     | Reached skill level 10 in Shields
 13858 | D:10     | Reached skill level 10 in Armour
 14290 | D:10     | Found an ancient bone altar of Kikubaaqudgha.
 14290 | D:10     | Found a burning altar of Makhleb.
 14824 | D:11     | Reached skill level 11 in Axes
 14824 | D:11     | Reached XP level 11. HP: 92/99 MP: 12/12
 15094 | D:11     | Noticed Josephine
 15102 | D:11     | Killed from afar by an acid dragon

Illustrated notes

Levels and vault maps discovered:
D:1:      spicycebolla_green_bress_n_ham, layout_basic
D:2:      layout_basic, basic_ecumenical_altar, minmay_misc_feat_four_crosses,
          chequers_serial_rivers_micro_b, nrook_campfire, grunt_ministairs_15,
          corexii_leaking_fountain
D:3:      layout_basic, mainiacjoe_overflow_chevrons,
          mainiacjoe_overflow_six_doors_small
D:4:      layout_loops_cross, grunt_ministairs_1
D:5:      layout_rooms, serial_glass, glass_columns_a, glass_columns_b
D:6:      layout_basic, kennysheep_little_box, uniq_pikel
D:7:      layout_basic, minmay_temple_entry_statues_pillars,
          uniq_crazy_yiuf_cottage
D:8:      layout_basic, mainiacjoe_overflow_brackets, uniq_amaemon
D:9:      layout_loops_ring, nicolae_uskayaw_suspiria, grunt_gozag_statues
D:10:     layout_gridville, gammafunk_temple_overflow_statue, serial_shops,
          nicolae_shop_waterfront
D:11:     minmay_recursive_quarters, layout_basic, minmay_lair_entry_grove,
          nrook_mini_backslash, trog_three_pillars_becter, uniq_josephine,
          uniq_psyche
Temple:   minmay_temple_curvy_branch

Skill      XL: |  1  2  3  4  5  6  7  8  9 10 |
---------------+-------------------------------+-----
Fighting       | 4 5 6 7 9 10 | 10.1
Armour         | 4 5 6 7 9 10 | 10.0
Shields        | 4 5 6 7 9 10 | 10.1
Axes           | 3 4 5 6 7 9 11 | 11.0
Evocations     | 1 3 |  3.0
Invocations    | 3 |  3.4

Action                   |  1- 3 |  4- 6 |  7- 9 | 10-12 || total
-------------------------+-------+-------+-------+-------++-------
Melee: War axe           |    65 |   118 |   230 |   140 ||   553
       Headbutt          |    13 |    15 |    46 |    34 ||   108
Throw: Throwing net      |       |       |       |     1 ||     1
  Use: Scroll            |       |    13 |     3 |     4 ||    20
       Potion            |       |     1 |     7 |       ||     8
Armor: Scale mail        |    35 |    61 |    84 |    60 ||   240
Dodge: Dodged            |    33 |    99 |   127 |    58 ||   317
Block: Buckler           |    14 |    39 |    75 |    53 ||   181
